 Dungeon Crawl Stone Soup version 0.28-a0-991-g956f0ee3d5 (webtiles) character file.

Game seed: 13766563707241995964

70553 Decritt the Severer (level 14, -2/135 HPs)
             Began as a Minotaur Fighter on Dec 5, 2021.
             Was a High Priest of Zin.
             Killed from afar by Jorgrun (36 damage)
             ... with an iron shot
             ... on level 2 of the Orcish Mines.
             The game lasted 00:44:42 (29958 turns).

Decritt the Severer (Minotaur Fighter)             Turns: 29958, Time: 00:44:43

Health: -2/135     AC: 32    Str: 23    XL:     14   Next: 94%
Magic:  19/19      EV:  7    Int:  5    God:    Zin [*****.]
Gold:   1302       SH:  7    Dex: 11    Spells: 13/13 levels left

rFire   . . .      SeeInvis +   d - +2 war axe (venom)
rCold   + . .      Faith    .   c - +0 buckler
rNeg    . . .      Spirit   .   o - +9 plate armour "Nynox" {Str-2 Slay+2 SInv}
rPois   .          Reflect  .   (helmet restricted)
rElec   .          Harm     .   y - +2 cloak
rCorr   .          Rampage  .   (no gloves)
Will    +....                   A - +1 pair of boots
Stlth   ..........              E - amulet of the acrobat
HPRegen 0.32/turn               q - ring of protection from cold
MPRegen 0.16/turn               a - ring of flight

@: grasped by roots, flying, constricted
A: horns 2, retaliatory headbutt
a: Renounce Religion, Recite, Vitalisation, Imprison, Sanctuary, Donate Gold


You were on level 2 of the Orcish Mines.
You worshipped Zin.
Zin was extremely pleased with you.
You visited 4 branches of the dungeon, and saw 23 of its levels.

You collected 1446 gold pieces.
You donated 144 gold pieces to Zin.

Inventory:

Hand Weapons
 d - a +2 war axe of venom (weapon)
 D - a +1 broad axe
Missiles
 g - 11 javelins
 i - 2 silver boomerangs
 j - 6 boomerangs
Armour
 c - a +0 buckler (worn)
 o - the +9 plate armour "Nynox" (worn) {Str-2 Slay+2 SInv}
   (You found it on level 11 of the Dungeon)

   Str:       It affects your strength (-2).
   Slay:      It affects your accuracy & damage with ranged weapons and melee
   (+2).
   SInv:      It lets you see invisible.
 y - a +2 cloak (worn)
 A - a +1 pair of boots (worn)
Jewellery
 a - a ring of flight (right hand)
 q - a ring of protection from cold (left hand)
 x - a ring of ice
 B - an amulet of magic regeneration
 E - an amulet of the acrobat (around neck)
Wands
 b - a wand of mindburst (10)
 f - a wand of acid (5)
 s - a wand of paralysis (27)
 C - a wand of iceblast (28)
Scrolls
 e - 7 scrolls of teleportation
 m - 6 scrolls of fear
 n - a scroll of enchant armour
 r - 7 scrolls of identify
 u - 3 scrolls of holy word
 w - 3 scrolls of blinking
 z - 3 scrolls of immolation
 F - 2 scrolls of silence
 H - a scroll of fog
Potions
 h - 3 potions of flight
 k - 5 potions of heal wounds
 l - 2 potions of attraction
 p - a potion of invisibility
 t - a potion of curing
 v - 3 potions of mutation
 I - a potion of cancellation


   Skills:
 * Level 15.2 Fighting
 * Level 16.0 Axes
 * Level 15.2 Armour
 + Level 9.9 Dodging
 * Level 12.3 Shields
 + Level 8.1 Invocations


You had 13 spell levels left.
You didn't know any spells.
Your spell library contained the following spells:

 Spells                   Type           Power      Damage    Failure   Level
 Animate Skeleton         Necr           0%         N/A       99%         1
 Freeze                   Ice            0%         1d3       99%         1
 Magic Dart               Conj           0%         1d3       99%         1
 Pain                     Necr           0%         1d4       99%         1
 Call Imp                 Summ           0%         N/A       100%        2
 Dazzling Flash           Conj/Hex       0%         N/A       100%        3
 Frozen Ramparts          Ice            0%         1d2       100%        3
 Inner Flame              Hex/Fire       0%         N/A       100%        3
 Mephitic Cloud           Conj/Pois/Air  0%         N/A       100%        3
 Summon Guardian Golem    Hex/Summ       0%         N/A       100%        3
 Vampiric Draining        Necr           0%         2d6       100%        3
 Airstrike                Air            0%         N/A       100%        4
 Cause Fear               Hex            0%         N/A       100%        4
 Hailstorm                Conj/Ice       0%         3d3       100%        4
 Iskenderun's Mystic Bla  Conj/Tloc      0%         2d3       100%        4
 Summon Lightning Spire   Summ/Air       0%         N/A       100%        4
 Lightning Bolt           Conj/Air       0%         1d11      100%        5
 Summon Forest            Summ/Tloc      0%         N/A       100%        5
 Summon Mana Viper        Hex/Summ       0%         N/A       100%        5
 Starburst                Conj/Fire      0%         6d3       100%        6
 Summon Cactus Giant      Summ           0%         N/A       100%        6
 Orb of Destruction       Conj           0%         N/A       100%        7
 Spellforged Servitor     Conj/Summ      0%         N/A       100%        7
 Discord                  Hex            0%         N/A       100%        8


Dungeon Overview and Level Annotations

Branches:
Dungeon (14/15)            Temple (1/1) D:4            Lair (6/6) D:9
 Shoals (0/4) Lair:3       Spider (0/4) Lair:4        Slime (0/5) Lair:5
    Orc (2/2) D:12            Elf (0/3) Orc:2        Vaults (0/5) D:14

Altars:
Ashenzari
Cheibriados
Dithmenos
Elyvilon
Fedhas
Gozag
Hepliaklqana
Kikubaaqudgha
Makhleb
Nemelex Xobeh
Okawaru
Qazlal
Ru
Sif Muna
Trog
Uskayaw
Vehumet
Wu Jian
Xom
Yredelemnul
Zin
The Shining One

Shops:
D:6 (([*   D:9 (   D:10 !

Annotations:
D:3 2 transporters, anet's ghost, amateur DECj
D:11 1 runed translucent door
Lair:6 exclusion: obsidian statue
Orc:2 Jorgrun


Innate Abilities, Weirdness & Mutations

You have a pair of horns on your head.
You reflexively headbutt those who attack you in melee.


Message History

* * * LOW HITPOINT WARNING * * *
* * * LOW HITPOINT WARNING * * *
The grasping roots constrict you.
You have turned to stone.
Jorgrun casts a spell at you. The grasping roots constrict you.
Jorgrun points at you and mumbles some strange words.
You struggle to resist.
The grasping roots constrict you.
* * * LOW HITPOINT WARNING * * *
Jorgrun hits you with a +0 vorpal quarterstaff.
* * * LOW HITPOINT WARNING * * *
The grasping roots constrict you.
* * * LOW HITPOINT WARNING * * *
Jorgrun says, "Yer just na down-ta-earth enough."
Jorgrun hits you but does no damage. The grasping roots constrict you.
Jorgrun hits you but does no damage. The grasping roots constrict you.
Jorgrun casts a spell at you. The grasping roots constrict you!
* * * LOW HITPOINT WARNING * * *
Jorgrun hits you but does no damage. The grasping roots constrict you!
* * * LOW HITPOINT WARNING * * *
Jorgrun says, "'tis place shall be yer tomb!"
Jorgrun completely misses you. The grasping roots constrict you.
* * * LOW HITPOINT WARNING * * *
Jorgrun says, "May tha earth consume ye!"
Jorgrun gestures at you while chanting. The iron shot hits you!!!
* * * LOW HITPOINT WARNING * * *
The grasping roots constrict you!
* * * LOW HITPOINT WARNING * * *
You turn to flesh and can move again.
You feel much better. Jorgrun gestures at you while chanting.
The iron shot hits you!
* * * LOW HITPOINT WARNING * * *
The grasping roots constrict you.
* * * LOW HITPOINT WARNING * * *
You feel much better. Jorgrun gestures at you while chanting.
The iron shot hits you!!!
You die...

....# #......##.## #
....# ..........#.##....
....###..........#.....$
#..........##...........
##....<...# ..........#
#........# ###......#.##
.........###.#...#.....#
...........##...))......
.....#.....#....@g......
...#####.....)...##.....
....# #.#.....#### .$.
.#### #####...# . ..
##### .## ##


You could see Jorgrun (very poisoned).

Vanquished Creatures
  An orc warlord (Orc:1)
  Fannar (D:11)
  A great orb of eyes (D:14)
  A vault guard (D:14)
  A boulder beetle (D:14)
  The ghost of Essalna the Tainter, a journeyman DsVM of Vehumet (Lair:3)
  7 hydras
  5 centaur warriors
  3 two-headed ogres
  Urug (Lair:1)
  3 death yaks
  5 skeletal warriors
  Sonja (Orc:1)
  A spectral death yak (Lair:6)
  4 necromancers (D:14)
  Pikel (D:6)
  A deep elf pyromancer (D:14)
  An orc knight (D:14)
  3 cyclopes
  26 ugly things
  2 orc sorcerers (Orc:1)
  2 manticores
  2 dire elephant zombies (Lair:6)
  3 elephants (Lair:2)
  4 black mambas
  2 gargoyles
  9 cane toads
  5 rime drakes
  6 komodo dragons
  A kobold demonologist (D:9)
  Psyche (D:11)
  2 tengu conjurers (D:14)
  7 trolls
  3 meliai (D:14)
  A polar bear (shapeshifter) (D:13)
  A polar bear (Lair:2)
  9 blink frogs
  10 slime creatures
  A meliai zombie (D:10)
  2 wraiths
  A wyvern (shapeshifter) (D:14)
  5 wyverns
  A shadow (D:11)
  5 basilisks
  26 yaks
  18 humans (D:14)
  6 vampire mosquitoes (D:12)
  2 spectral cane toads (Lair:6)
  A death yak simulacrum (Lair:6)
  5 wargs
  Edmund (D:4)
  11 water moccasins
  12 orc warriors
  A necrophage (D:7)
  2 sky beasts (D:7)
  An ice beast (D:8)
  3 elephant zombies (Lair:6)
  15 wolves
  A lemure (D:6)
  2 phantoms
  13 centaurs
  A kobold brigand (D:6)
  13 bullfrogs
  2 gnoll sergeants
  A wyvern zombie (D:8)
  3 scorpions
  10 killer bees (D:9)
  7 howler monkeys
  A bullfrog zombie (D:6)
  3 centaur zombies
  A bullfrog skeleton (D:5)
  10 jellies
  A hound (D:6)
  13 orc priests
  2 centaur skeletons
  3 iron imps (D:9)
  19 orc wizards
  A hound skeleton (D:4)
  3 howler monkey zombies
  7 adders
  21 gnolls
  2 shadow imps
  2 white imps
  An ufetubus (D:5)
  A worm (D:3)
  4 dart slugs
  40 orcs
  17 endoplasms
  2 giant cockroaches
  9 goblins
  8 hobgoblins
  7 jackals
  A quokka (D:1)
  A ball python (D:3)
  5 bats
  6 frilled lizards
  20 kobolds
  5 rats
526 creatures vanquished.

Vanquished Creatures (others)
  A wizard (D:14)
  A deep elf pyromancer (D:14)
  33 fungi
  36 plants
  3 toadstools (D:2)
  6 withered plants (Lair:6)
80 creatures vanquished.

Grand Total: 606 creatures vanquished

Notes
Turn   | Place    | Note
-------+----------+-------------------------------------------
     0 | D:1      | Decritt the Minotaur Fighter began the quest for the Orb.
     0 | D:1      | Reached XP level 1. HP: 19/19 MP: 0/0
   225 | D:1      | Reached XP level 2. HP: 27/27 MP: 1/1
   316 | D:1      | Reached skill level 3 in Axes
   741 | D:1      | Found a faded altar of an unknown god.
   746 | D:1      | Reached XP level 3. HP: 33/33 MP: 2/2
  1491 | D:2      | Reached XP level 4. HP: 40/40 MP: 3/3
  1549 | D:2      | Reached skill level 4 in Axes
  1783 | D:3      | Noticed anet's ghost (amateur DECj)
  1787 | D:3      | Found a transporter.
  1841 | D:3      | Found a transporter.
  1855 | D:3      | Noticed a phantom
  1868 | D:3      | Killed a phantom
  1869 | D:3      | Reached XP level 5. HP: 14/47 MP: 4/4
  2597 | D:4      | Reached skill level 5 in Axes
  2609 | D:4      | Reached XP level 6. HP: 52/55 MP: 5/5
  2827 | D:4      | Found a staircase to the Ecumenical Temple.
  2836 | Temple   | Entered the Ecumenical Temple
  3045 | Temple   | Became a worshipper of Zin the Law-Giver
  3045 | Temple   | Reached * piety under Zin
  3121 | D:4      | Noticed Edmund
  3134 | D:4      | Killed Edmund
  3135 | D:4      | Reached skill level 5 in Fighting
  3135 | D:4      | Reached skill level 5 in Armour
  3135 | D:4      | Reached skill level 5 in Shields
  3489 | D:4      | Noticed a water moccasin
  3498 | D:4      | Killed a water moccasin
  3499 | D:4      | Reached skill level 6 in Axes
  3499 | D:4      | Reached XP level 7. HP: 56/61 MP: 6/6
  3963 | D:5      | Entered Level 5 of the Dungeon
  4107 | D:5      | Reached ** piety under Zin
  4731 | D:6      | Identified the +5 ring mail of Secwot {rF+ Regen+}
  4758 | D:6      | Found Xunedghuwe's General Store.
  4760 | D:6      | Found Jett's Antique Weapon Shoppe.
  4768 | D:6      | Found Gawnush's Antique Armour Shoppe.
  4788 | D:6      | Found Deot's Antique Weapon Shoppe.
  4960 | D:6      | Reached skill level 7 in Axes
  4975 | D:6      | Found a white marble altar of Elyvilon.
  5125 | D:6      | Noticed Pikel
  5145 | D:6      | Killed Pikel
  5146 | D:6      | Reached skill level 8 in Axes
  5146 | D:6      | Reached XP level 8. HP: 44/71 MP: 7/7
  5261 | D:6      | Found a glowing golden altar of the Shining One.
  5264 | D:6      | Found a radiant altar of Vehumet.
  5638 | D:7      | Identified the +5 ring mail "Ingepena" {rPois rF- Regen+}
  5710 | D:7      | Reached *** piety under Zin
  5940 | D:7      | Reached skill level 9 in Axes
  6218 | D:8      | Reached XP level 9. HP: 63/79 MP: 8/8
  6232 | D:8      | Reached skill level 1 in Invocations
  6519 | D:8      | Got the Volume of Companions
  7304 | D:8      | Reached skill level 10 in Axes
  7602 | D:9      | Found a staircase to the Lair.
  7688 | D:9      | Found Xachy's Weapon Shop.
  7908 | D:9      | Noticed a kobold demonologist
  7920 | D:9      | Killed a kobold demonologist
  7921 | D:9      | Reached XP level 10. HP: 90/90 MP: 9/11
  7946 | D:9      | Found a burning altar of Makhleb.
  8097 | D:10     | Entered Level 10 of the Dungeon
  8179 | D:10     | Reached **** piety under Zin
  8448 | D:10     | Found Ypnuga's Distillery.
  8996 | D:11     | Identified the +9 plate armour "Nynox" {Str-2 Slay+2 SInv}
  9133 | D:11     | Reached skill level 11 in Axes
  9148 | D:11     | Reached skill level 1 in Dodging
  9205 | D:11     | Noticed Psyche
  9214 | D:11     | Killed Psyche
  9255 | D:11     | Found a runed translucent door.
  9264 | D:11     | Noticed a green ugly thing
  9282 | D:11     | Killed a green ugly thing
  9283 | D:11     | Reached skill level 10 in Fighting
  9283 | D:11     | Reached skill level 10 in Armour
  9342 | D:11     | Noticed a two-headed ogre
  9351 | D:11     | Killed a two-headed ogre
  9352 | D:11     | Reached XP level 11. HP: 66/99 MP: 11/13
  9696 | D:11     | Reached ***** piety under Zin
  9712 | D:11     | Noticed Fannar
  9735 | D:11     | Killed Fannar
 10372 | D:11     | Noticed a centaur warrior
 10373 | D:11     | Identified the amulet "Oseopici" {Faith +Inv Regen+ Dex+2}
 10373 | D:11     | Noticed a centaur warrior
 10373 | D:11     | Noticed a two-headed ogre
 10373 | D:11     | Noticed a boulder beetle
 10374 | D:11     | Noticed a two-headed ogre
 10374 | D:11     | Noticed a tengu warrior
 10388 | D:12     | Noticed a two-headed ogre
 10408 | D:12     | Killed a two-headed ogre
 10660 | D:12     | Noticed a green ugly thing
 10676 | D:12     | Killed a green ugly thing
 10997 | D:12     | Reached skill level 12 in Axes
 11092 | Lair:1   | Entered Level 1 of the Lair of Beasts
 11659 | Lair:1   | Reached skill level 5 in Dodging
 12095 | Lair:1   | Noticed Urug
 12144 | Lair:1   | Killed Urug
 12145 | Lair:1   | Reached skill level 5 in Invocations
 13358 | Lair:2   | Reached XP level 12. HP: 110/110 MP: 14/14
 14665 | Lair:3   | Reached skill level 13 in Axes
 14717 | Lair:3   | Noticed a five-headed hydra
 14730 | Lair:3   | Killed a five-headed hydra
 15201 | Lair:3   | Noticed Essalna's ghost (journeyman DsVM)
 15204 | Lair:3   | Found a runed translucent door.
 15293 | Lair:3   | Killed Essalna's ghost
 15644 | Lair:3   | Found a staircase to the Shoals.
 15889 | Lair:3   | Noticed a four-headed hydra
 15901 | Lair:3   | Killed a four-headed hydra
 17504 | Lair:4   | Noticed a seven-headed hydra
 17524 | Lair:4   | Killed a seven-headed hydra
 17764 | Lair:4   | Found a hole to the Spider Nest.
 18343 | Lair:5   | Found a staircase to the Slime Pits.
 18385 | Lair:5   | Noticed a five-headed hydra
 18402 | Lair:5   | Killed a five-headed hydra
 18615 | Lair:5   | Reached XP level 13. HP: 86/119 MP: 16/16
 19041 | Lair:5   | Reached skill level 14 in Axes
 19739 | Lair:6   | Entered Level 6 of the Lair of Beasts
 20674 | Lair:6   | Noticed a dire elephant
 20674 | Lair:6   | Noticed a dire elephant
 20674 | Lair:6   | Noticed a dire elephant
 20675 | Lair:6   | Noticed a dire elephant
 21098 | Lair:6   | Reached skill level 10 in Shields
 23265 | D:12     | Found a staircase to the Orcish Mines.
 25163 | D:14     | Reached skill level 15 in Axes
 25163 | D:14     | Reached XP level 14. HP: 132/132 MP: 18/18
 25905 | D:14     | Found a glowing silver altar of Zin.
 26476 | D:14     | Reached ****** piety under Zin
 26582 | D:14     | Found a gate to the Vaults.
 27613 | D:14     | Reached skill level 15 in Fighting
 27655 | D:14     | Reached skill level 15 in Armour
 28127 | Orc:1    | Entered Level 1 of the Orcish Mines
 28825 | Orc:2    | Entered Level 2 of the Orcish Mines
 28834 | Orc:2    | Noticed Sonja
 28898 | Orc:1    | HP: 4/135 [Sonja (5)]
 28927 | Orc:1    | Killed Sonja
 28928 | Orc:1    | Reached skill level 16 in Axes
 29398 | Orc:2    | Noticed an orc warlord
 29414 | Orc:1    | Killed an orc warlord
 29848 | Orc:2    | Found a staircase to the Elven Halls.
 29929 | Orc:2    | Noticed Jorgrun
 29956 | Orc:2    | HP: 2/135 [constriction (7)]
 29958 | Orc:2    | Killed from afar by Jorgrun

Illustrated notes

Levels and vault maps discovered:
D:1:      dpeg_arrival_stone_temple_mockup, layout_basic,
          basic_ecumenical_altar, minmay_octomino_j4
D:2:      layout_rooms, minmay_misc_feat_tower, minmay_gold_behind_fungi
D:3:      layout_rooms, gammafunk_ghost_arena
D:4:      layout_loops_corners, minmay_temple_entry_mist, minmay_vboxes,
          uniq_edmund
D:5:      layout_loops_cross, serial_bayou_lagoon_a
D:6:      layout_cave_pools, grunt_temple_overflow_open, kennysheep_little_box,
          minmay_shop_grid_forest, feat_on_display, uniq_pikel
D:7:      layout_gridville, grunt_decor_fettered
D:8:      layout_basic
D:9:      layout_roguey, demons_altar, erik_lair_orcish_takeover, serial_shops,
          nicolae_shop_trees
D:10:     layout_small_grid, serial_shops, shop
D:11:     layout_loops_ring, lightli_airlock, uniq_psyche, uniq_fannar
D:12:     layout_rooms, orc_0_dummy
D:13:     layout_layer_cave, roderic_three_in_a_row, minmay_misc_feat_doors
D:14:     nzn_winding_woodlands_large [nzn_winding_woodlands_5x5_closed_star,
          nzn_winding_woodlands_5x15_cabin, nzn_winding_woodlands_5x5_default,
          nzn_winding_woodlands_center_triple_pond,
          nzn_winding_woodlands_15x15_killbox,
          nzn_winding_woodlands_center_pierced_h,
          nzn_winding_woodlands_5x5_open_star,
          nzn_winding_woodlands_5x15_lazy_stream,
          nzn_winding_woodlands_5x5_perimeter], layout_basic,
          grunt_vaults_entry_tiered, hangedman_decor_push, zin_statuary
Temple:   eino_narrow_crystal_temple
Lair:1:   lemuel_slime, layout_big_grid, guppyfry_lair_drakes, uniq_urug
Lair:2:   layout_hall_layers, serial_bayou_shore_b, grunt_megastairs_5,
          lemuel_fruit_tree
Lair:3:   layout_roguey, minmay_shoals_entry_centaurs,
          hellmonk_ghost_happy_afterlife
Lair:4:   layout_gridlike, spider_nest_entry_web_field, wad_woods_road_03
Lair:5:   layout_misc_corridors, nicolae_slime_entry_slimehenge,
          serial_bayou_shore_b
Lair:6:   due_jungle_book, layout_misc_corridors
Orc:1:    layout_caves
Orc:2:    st_orc_elflike, layout_diamond_mine, uniq_sonja, uniq_jorgrun

Skill      XL: |  1  2  3  4  5  6  7  8  9 10 11 12 13 14 |
---------------+-------------------------------------------+-----
Axes           | 3 4 5 6 8 9 10 11 12 13 15 16 | 16.0
Fighting       | 4 5 6 7 8 10 11 12 14 15 | 15.2
Shields        | 4 5 6 7 8 9 10 12 | 12.3
Armour         | 4 5 6 7 8 10 11 12 14 15 | 15.2
Invocations    | 2 4 5 6 7 8 |  8.1
Dodging        | 2 5 8 9 |  9.9

Action                   |  1- 3 |  4- 6 |  7- 9 | 10-12 | 13-15 || total
-------------------------+-------+-------+-------+-------+-------++-------
Melee: War axe           |    70 |    62 |       |       |   301 ||   433
       Headbutt          |    12 |    16 |    54 |   245 |   286 ||   613
       Flail             |       |     8 |   275 |       |       ||   283
       Spear             |       |       |    33 |   938 |   519 ||  1490
       Broad axe         |       |       |       |       |   252 ||   252
Throw: Dart              |    36 |    84 |    52 |   154 |    92 ||   418
       Boomerang         |       |       |       |       |    42 ||    42
Invok: Recite            |       |       |     2 |     1 |     1 ||     4
       Sanctuary         |       |       |       |       |     1 ||     1
  Use: Scroll            |       |       |    20 |     3 |     8 ||    31
       Potion            |       |       |       |     6 |    11 ||    17
 Stab: Confused          |       |       |       |       |     1 ||     1
Armor: Scale mail        |    43 |     8 |       |       |       ||    51
       Chain mail        |       |    20 |    14 |       |       ||    34
       Ring mail         |       |       |   160 |    65 |       ||   225
       Plate armour      |       |       |       |   366 |   599 ||   965
Dodge: Dodged            |    32 |    28 |   168 |   271 |   448 ||   947
Block: Buckler           |    16 |    11 |    94 |   220 |   285 ||   626

Table legend: (Time is in decaauts)
 A = Elapsed time spent in this place.
 B = Non-inter-level travel time spent in this place.
 C = Inter-level travel time spent in this place.
 D = Time resting spent in this place.
 E = Time spent auto-exploring this place.
 F = Levels seen in this place.
 G = Mean time per level.
                   A        B        C        D        E       F      G
               +--------+--------+--------+--------+--------+-----+--------+
         Total |  29553 |  28789 |    764 |   8381 |  16002 |  23 | 1284.9 |
       Dungeon |  17234 |  16756 |    478 |   3994 |  10036 |  14 | 1231.0 |
        Temple |    217 |    209 |      8 |      0 |    180 |   1 |  217.0 |
          Lair |  10667 |  10403 |    264 |   3647 |   5440 |   6 | 1777.8 |
  Orcish Mines |   1434 |   1421 |     13 |    740 |    345 |   2 |  717.0 |
               +--------+--------+--------+--------+--------+-----+--------+

Top non-repeatable levels by time:
    D:14: 2507 daAuts
  Lair:3: 2454 daAuts
    D:12: 2247 daAuts
    D:13: 2157 daAuts
  Lair:1: 2122 daAuts
  Lair:6: 1871 daAuts
  Lair:5: 1788 daAuts
    D:11: 1592 daAuts
  Lair:2: 1297 daAuts
     D:4: 1247 daAuts
     D:1: 1150 daAuts
  Lair:4: 1132 daAuts
   Orc:1: 1120 daAuts
     D:8: 1039 daAuts
     D:9: 936 daAuts
